 Dungeon Crawl Stone Soup version 0.30-a0-121-gb27577e5d9 (webtiles) character file.

Game seed: 11282080734562448567

196 Dreamer the Insei (level 5, -1/33 HPs)
             Began as an Octopode Transmuter on Sept 14, 2022.
             Slain by Sigmund
             ... wielding a +0 scythe
              (12 damage)
             ... on level 4 of the Dungeon.
             The game lasted 00:13:50 (4661 turns).

Dreamer the Insei (Octopode Transmuter)             Turns: 4661, Time: 00:13:51

Health: -1/33      AC:  1    Str:  9    XL:     5   Next: 74%
Magic:  8/8        EV: 13    Int: 18    God:
Gold:   156        SH:  0    Dex: 12    Spells: 1/8 levels left

rFire   . . .      SeeInvis .    r - +0 whip (freeze)
rCold   . . .      Faith    +    (no shield)
rNeg    . . .      Spirit   .    (helmet restricted)
rPois   .          Reflect  .    k - amulet of faith
rElec   .          Harm     .    (no ring)
rCorr   .          Rampage  .    (no ring)
Will    .....                    (no ring)
Stlth   +++.......               (no ring)
HPRegen 0.11/turn                (no ring)
MPRegen 0.11/turn                (no ring)
                                 (no ring)
                                 (no ring)

@: no status effects
A: almost no armour, amphibious, 8 rings, camouflage 1, gelatinous body 1,
(nimble swimmer 1), tentacles
a: no special abilities


You were on level 4 of the Dungeon.
You visited 1 branch of the dungeon, and saw 5 of its levels.

You collected 156 gold pieces.

Inventory:

Hand Weapons
 r - a +0 whip of freezing (weapon)
Jewellery
 k - an amulet of faith (around mantle)
Wands
 j - a wand of polymorph (17)
 l - a wand of paralysis (8)
Scrolls
 d - 4 scrolls of amnesia
 f - 2 scrolls of immolation {unknown}
 h - 2 scrolls of teleportation {unknown}
 n - a scroll of fear {unknown}
 q - a scroll of vulnerability {unknown}
Potions
 a - a potion of lignification
 b - a potion of ambrosia {unknown}
 g - a potion of heal wounds
 i - a potion of cancellation
 m - a potion of mutation {unknown}
 o - 2 potions of flight
 p - a potion of attraction {unknown}


   Skills:
 - Level 1.0 Fighting
 - Level 2.0 Dodging
 + Level 4.1 Stealth
 * Level 5.4 Unarmed Combat
 - Level 2.0 Spellcasting
 - Level 2.0 Transmutations


You had one spell level left.
You knew the following spells:

 Your Spells              Type           Power      Damage    Failure   Level
a - Ice Form              Ice/Tmut       5%         N/A       75%         4
b - Spider Form           Tmut/Pois      5%         N/A       34%         3

Your spell library contained the following spells:

 Spells                   Type           Power      Damage    Failure   Level
 Beastly Appendage        Tmut           18%        N/A       8%          1
 Wereblood                Tmut           9%         N/A       12%         2
 Chain Lightning          Conj/Air       0%         2d1       100%        9
 Fire Storm               Conj/Fire      0%         6d1       100%        9
 Shatter                  Erth           0%         3d5*      100%        9


Dungeon Overview and Level Annotations

Branches:
Dungeon (5/15)
 Temple: D:4-7

Altars:
Uskayaw
The Shining One

Annotations:
D:2 exclusions: 2 orc priests and orc wizard, Terence
D:3 exclusion: necrophage
D:4 Sigmund


Innate Abilities, Weirdness & Mutations

You cannot wear most types of armour.
You are amphibious.
You can wear up to eight rings at the same time.
Your skin changes colour to match your surroundings (Stealth+).
Your rubbery body absorbs attacks. (AC +1, EV +1)
((You are camouflaged when in or above water. (Stealth+)))
You have tentacles for arms and can constrict up to eight enemies at once.


Message History

You climb upwards.
Level annotation: exclusion: necrophage
There is a stone staircase leading down here.
You start resting.
You feel less confused.
You start resting.
HP restored.
Okay, then.
There is a large open door here.
Okay, then.
Okay, then.
Press: ? - help, v - describe, . - travel An escape hatch in the floor.
You see here 8 stones.
There is a stone staircase leading up here.
You see here a +0 club.
There is a stone staircase leading down here.
You start waiting.
Done waiting.
You start waiting.
Done waiting.
You start waiting.
Done waiting.
You climb downwards.
Level annotation: Sigmund
There is a stone staircase leading up here.
Sigmund hits you with a +0 scythe!
You barely miss Sigmund. Your grab misses Sigmund. Your squeeze misses Sigmund.
Sigmund hits you but does no damage.
You barely miss Sigmund. Your grab misses Sigmund. You tentacle-slap Sigmund.
Sigmund is lightly wounded.
You closely miss Sigmund. You grab Sigmund.
You squeeze Sigmund, but do no damage.
Sigmund is lightly wounded.
You constrict Sigmund. Sigmund hits you with a +0 scythe!
You hit Sigmund. You freeze Sigmund.
Sigmund is moderately wounded.
You constrict Sigmund, but do no damage.
Sigmund hits you with a +0 scythe!
You die...

#.# ## ... ..# #.# #.#
#.# #.# #.########.###
######.##........<#
>......##.#####.#.#
.........<.....@@.#####.#
..>..r.##.###..<.[......#
..............#..#.######
..)....##.#####..#.#
.)...........)...#.#
.......##.#####..#.#
###.#..##.# #..#.#
###....##.### #<.#.#
.......)....# #..#.#


You could see Sigmund.

Vanquished Creatures
  A bullfrog (D:4)
  4 gnolls (D:4)
  4 adders
  A worm (D:3)
  A dart slug (D:1)
  An orc (D:2)
  4 ball pythons
  3 bats
  6 endoplasms
  A giant cockroach (D:1)
  6 goblins
  6 hobgoblins
  6 kobolds
  A quokka (D:3)
  2 frilled lizards (D:1)
  8 rats
55 creatures vanquished.

Notes
Turn   | Place    | Note
-------+----------+-------------------------------------------
     0 | D:1      | Dreamer the Octopode Transmuter began the quest for the
                  | Orb.
     0 | D:1      | Reached XP level 1. HP: 13/13 MP: 3/3
    79 | D:1      | Reached skill level 1 in Stealth
   100 | D:1      | Reached XP level 2. HP: 16/18 MP: 5/5
   404 | D:1      | Reached XP level 3. HP: 13/23 MP: 6/6
  1173 | D:2      | Noticed Terence
  1377 | D:2      | Reached skill level 4 in Unarmed Combat
  1721 | D:2      | Found a faded altar of an unknown god.
  2617 | D:3      | Noticed a necrophage
  2662 | D:3      | Reached XP level 4. HP: 25/28 MP: 7/7
  3235 | D:3      | Found a hide-covered altar of Uskayaw.
  3324 | D:3      | Found a glowing golden altar of the Shining One.
  3411 | D:4      | Learned a level 3 spell: Spider Form
  3509 | D:4      | Reached XP level 5. HP: 5/33 MP: 8/8
  3518 | D:5      | Entered Level 5 of the Dungeon
  3795 | D:4      | Reached skill level 5 in Unarmed Combat
  3808 | D:4      | Learned a level 4 spell: Ice Form
  3924 | D:4      | Noticed Sigmund
  4661 | D:4      | Slain by Sigmund

Illustrated notes

Levels and vault maps discovered:
D:1:      lightli_arrival_lavapool, layout_loops_ring, hangedman_decor_opposing
D:2:      layout_rooms, basic_ecumenical_altar, hex_large,
          kennysheep_generic_room_10, uniq_terence
D:3:      layout_loops_cross, general_overflow_altar, tso_oasis_becter,
          roderic_lattice_a
D:4:      layout_loops_ring, uniq_duvessa, uniq_sigmund
D:5:      layout_basic, overflow_temple_1_default, uniq_grinder

Skill      XL: |  1  2  3  4  5 |
---------------+----------------+-----
Stealth        | 1 2 3 4 |  4.1
Unarmed Combat | 4 5 |  5.4
Fighting       | |  1.0
Dodging        | |  2.0
Spellcasting   | |  2.0
Transmutations | |  2.0

Action                   |  1- 3 |  4- 6 || total
-------------------------+-------+-------++-------
Melee: Unarmed           |    12 |       ||    12
       Constrict         |    26 |    12 ||    38
       Tentacles         |    24 |    10 ||    34
       Dagger            |    90 |    36 ||   126
       Punch             |     2 |     1 ||     3
       Whip              |       |     9 ||     9
 Cast: Beastly Appendage |     1 |       ||     1
  Use: Scroll            |       |     5 ||     5
 Stab: Sleeping          |     8 |     3 ||    11
Armor: Skin              |     8 |     3 ||    11
Dodge: Dodged            |    46 |    21 ||    67

Table legend: (Time is in decaauts)
 A = Elapsed time spent in this place.
 B = Non-inter-level travel time spent in this place.
 C = Inter-level travel time spent in this place.
 D = Time resting spent in this place.
 E = Time spent auto-exploring this place.
 F = Levels seen in this place.
 G = Mean time per level.
                   A        B        C        D        E       F      G
               +--------+--------+--------+--------+--------+-----+--------+
         Total |   4665 |   4553 |    112 |   1623 |   1886 |   5 |  933.0 |
       Dungeon |   4665 |   4553 |    112 |   1623 |   1886 |   5 |  933.0 |
               +--------+--------+--------+--------+--------+-----+--------+

Top non-repeatable levels by time:
     D:3: 1906 daAuts
     D:1: 1169 daAuts
     D:2: 1027 daAuts
     D:4: 290 daAuts
     D:5: 270 daAuts
